Map: Ombre blu LE

Players

KoEcho - Winner!

  • Race: Protoss Protoss
  • League: Bronze
  • Spawn Location: 7:00

I.A. 1 (Molto facile)

  • Race: Terran Terran
  • Spawn Location: 1:00

VOD

Have the link to the VOD?

Description

Time

  • Played on: Dec. 19, 2018, 3:34 p.m.
  • Length: 14:47
Show
View Real Time Build Order
Export as new Build Order

KoEcho Protoss - Winner!

Build Orders: 1 Gate Expand 

Get SALT Encoding   

  12  0:01  Probe  
  13  0:12  Probe  
  14  0:19  Pylon  
  14  0:21  Probe  
  15  0:34  Probe  
  15  0:41  Gateway  
  16  0:47  Assimilator  
  16  0:53  Probe  
  17  1:01  Probe  
  17  1:09  Probe  
  19  1:21  Probe  
  20  1:28  Nexus  
  20  1:40  Cybernetics Core  
  20  1:42  Probe  
  21  1:49  Assimilator  
  21  1:54  Probe  
  21  2:01  Pylon  
  22  2:19  Stalker  
  24  2:30  Robotics Facility  
  24  2:38  Warp Gate  
  24  2:41  Probe x2  
  26  2:50  Stalker  
  28  2:53  Probe  
  28  2:58  Probe  
  31  3:05  Probe  
  31  3:10  Probe  
  32  3:12  Pylon  
  32  3:17  Probe  
  32  3:18  Assimilator  
  33  3:22  Probe  
  34  3:30  Immortal  
  38  3:54  Gateway  
  38  3:55  Gateway  
  38  3:58  Assimilator  
  38  3:59  Probe x2  
  40  4:14  Immortal  
  40  4:16  Robotics Bay  
  44  4:28  Robotics Facility  
  44  4:45  Stalker  
  44  4:50  Stalker  
  44  4:51  Stalker  
  50  4:53  Immortal  
  54  5:11  Pylon x2  
  54  5:15  Pylon x2  
  54  5:27  Forge  
  54  5:29  Probe x2  
  54  5:31  Immortal  
  60  5:37  Sentry  
  60  5:38  Sentry  
  60  5:41  Probe x2  
  66  5:53  Probe x2  
  68  6:04  Stargate  
  68  6:05  Protoss Ground Weapons Level 1, Probe  
  68  6:06  Stargate  
  69  6:20  Probe  
  69  6:21  Forge x2  
  70  6:46  Nexus  
  70  6:50  Assimilator  
  70  6:54  Assimilator  
  70  6:58  Pylon  
  70  7:00  Pylon  
  70  7:05  Immortal  
  74  7:11  Protoss Ground Armor Level 1  
  74  7:14  Protoss Shields Level 1  
  74  7:26  Void Ray  
  78  7:34  Immortal  
  82  7:41  Probe x2  
  84  7:52  Immortal  
  84  7:53  Probe x2  
  90  8:00  Probe  
  92  8:05  Probe x2  
  92  8:08  Twilight Council  
  93  8:20  Probe x2  
  93  8:22  Probe  
  96  8:28  Probe x2  
  96  8:34  Probe  
  99  8:41  Void Ray  
  99  8:44  Immortal x2  
  111  8:58  Robotics Facility  
  111  9:02  Probe x2  
  113  9:03  Robotics Facility  
  113  9:06  Probe  
  114  9:15  Protoss Ground Armor Level 2, Protoss Ground Weapons Level 2  
  114  9:23  Disruptor  
  117  9:40  Nexus  
  117  9:42  Pylon  
  117  9:44  Pylon  
  117  9:47  Pylon  
  117  9:50  Blink  
  117  9:51  Pylon  
  117  9:55  Protoss Shields Level 2  
  117  9:59  Disruptor  
  120  10:10  Sentry  
  120  10:11  Sentry x2  
  126  10:20  Disruptor x2, Immortal  
  136  10:35  Probe x2  
  137  10:36  Probe  
  137  10:40  Disruptor  
  142  10:42  Void Ray  
  142  10:47  Probe  
  142  10:48  Probe x2  
  149  10:57  Pylon  
  149  10:58  Pylon  
  149  10:59  Pylon  
  149  11:05  Probe  
  149  11:06  Probe x2  
  152  11:12  Disruptor, Immortal  
  152  11:13  Immortal  
  152  11:15  Void Ray  
  152  11:17  Probe  
  152  11:18  Probe x2  
  170  11:25  Void Ray  
  174  11:33  Pylon x2  
  174  11:35  Pylon x2  
  174  11:42  Assimilator  
  174  11:45  Assimilator  
  174  11:48  Immortal  
  174  11:51  Disruptor  
  181  11:58  Void Ray  
  185  12:03  Protoss Ground Weapons Level 3  
  185  12:08  Void Ray  
  189  12:26  Probe x2  
  189  12:27  Probe  
  192  12:33  Disruptor, Immortal  
Show
View Real Time Build Order
Export as new Build Order

I.A. 1 (Molto facile) Terran 

Build Orders:  

Get SALT Encoding   

  12  0:00  SCV  
  13  0:13  SCV  
  14  0:18  Supply Depot  
  14  0:37  Refinery  
  14  0:41  Barracks  
  14  1:04  Supply Depot  
  14  1:10  Refinery  
  14  1:28  Barracks Tech Lab  
  14  1:29  Orbital Command  
  16  1:47  Marauder  
  16  1:55  SCV  
  17  2:07  SCV  
  18  2:19  SCV  
  19  2:31  SCV  
  19  2:33  Marine  
  21  2:43  SCV  
  22  2:55  SCV  
  23  3:19  Marine  
  24  6:43  SCV  
  24  6:44  Marine  
  24  6:45  Supply Depot  
  26  6:48  Factory  
  26  6:52  Command Center  
  26  6:55  SCV  
  27  7:07  SCV  
  28  7:10  Supply Depot  
  28  7:16  Marine  
  28  7:19  SCV  
  26  7:31  SCV  
  26  7:33  Starport  
  27  7:48  Marine  
  28  8:05  SCV  
  29  8:12  SCV  
  30  8:16  Refinery x2, Starport Tech Lab  
  30  8:19  SCV  
  31  8:21  Marauder  
  31  8:26  SCV  
  34  8:33  SCV  
  34  8:34  Raven  
  35  8:41  SCV  
  38  8:48  SCV  
  39  8:52  Marine  
  39  8:55  SCV  
  41  9:02  SCV  
  42  9:09  SCV  
  43  9:16  SCV, Raven  
  44  9:24  SCV, Marine  
  47  9:31  SCV  
  49  9:38  SCV  
  50  9:45  SCV  
  51  12:21  Medivac  
  55  12:23  Marauder  
  55  12:24  Supply Depot  
  50  12:44  Marauder  
  48  12:51  Medivac  
  50  13:05  Marine  
  43  13:23  Marauder  
  43  13:35  Supply Depot  
  43  13:37  SCV  
  24  13:44  Marine  
  19  13:49  SCV  
  18  14:02  SCV, Marine  
  15  14:06  Supply Depot  
Tags
 
League
Bronze
Matchup
PvT
Spawn Locations
Cross Positions
Add a new tag
Caveats
  • Supply blocks, unpowered buildings, or Contaminate may cause inaccurate times.
  • Supply counts are checked every 10 seconds.